 Dungeon Crawl Stone Soup version 0.21-a0-72-gbbb65ab (webtiles) character file.

131 grindst0ne the Skirmisher (level 5, 0/43 HPs)
             Began as a Formicid Fighter on June 20, 2017.
             Slain by Prince Ribbit (4 damage)
             ... on level 5 of the Dungeon.
             The game lasted 00:05:23 (1692 turns).

grindst0ne the Skirmisher (Formicid Fighter)        Turns: 1692, Time: 00:05:23

Health: 0/43       AC: 12    Str: 26    XL:     5   Next: 37%
Magic:  5/5        EV:  5    Int:  7    God:
Gold:   153        SH: 16    Dex: 11    Spells: 4/4 levels left

rFire    . . .     SeeInvis +   a - +0 war axe
rCold    . . .     Gourm    .   c - +0 shield
rNeg     . . .     Faith    .   s - +0 plate armour
rPois    .         Spirit   .   (helmet unavailable)
rElec    .         Reflect  +   (no cloak)
rCorr    .         Harm     .   (no gloves)
MR       +....                  (no boots)
Stlth    ..........             g - +6 amulet of reflection
HPRegen  0.14/turn              n - +1 ring of protection
MPRegen  0.09/turn              t - ring of protection from magic

@: mighty
A: permanent stasis, dig shafts and tunnels, four strong arms, antennae 3
a: Dig, Shaft Self


You were on level 5 of the Dungeon.
You were not hungry.

You visited 1 branch of the dungeon, and saw 4 of its levels.

You collected 153 gold pieces.

Inventory:

Hand Weapons
 a - a +0 war axe (weapon)
Armour
 b - a +0 scale mail
 c - a +0 shield (worn)
 e - a +0 chain mail
 s - a +0 plate armour (worn)
Jewellery
 g - a +6 amulet of reflection (around neck)
 n - a +1 ring of protection (left hand)
 t - a ring of protection from magic (right hand)
Scrolls
 h - 2 scrolls of amnesia
 j - a scroll of identify {unknown}
 k - a scroll of magic mapping {unknown}
 l - a scroll of remove curse
 q - a scroll of blinking {unknown}
 r - a scroll of teleportation {unknown}
Potions
 d - a potion of might
 m - a potion of heal wounds {unknown}
 p - 5 potions of agility {unknown}
Comestibles
 f - 4 bread rations
 o - a royal jelly
 u - 13 chunks of flesh


   Skills:
 + Level 4.7 Fighting
 - Level 2.0 Axes
 + Level 4.3 Armour
 + Level 4.7 Shields


You had 4 spell levels left.
You didn't know any spells.

Dungeon Overview and Level Annotations

Branches:
Dungeon (3/15)

Altars:

Annotations:
D:5 Prince Ribbit


Innate Abilities, Weirdness & Mutations

You cannot be hasted, slowed, berserked, paralysed or teleported.
You can dig through walls and to a lower floor.
Your four strong arms can wield two-handed weapons with a shield.
You have a pair of large antennae on your head. (SInv)


Message History

Your plate armour prevents you from hitting Prince Ribbit.
Prince Ribbit hits you but does no damage.
You block Prince Ribbit's attack.
You hit Prince Ribbit.
Prince Ribbit is lightly wounded.
You block Prince Ribbit's attack. x2
You miss Prince Ribbit.
Prince Ribbit is lightly wounded.
Prince Ribbit hops awkwardly around.
Prince Ribbit hits you! Prince Ribbit hits you.
You are too injured to fight recklessly!
You are too injured to fight recklessly!
You are too injured to fight recklessly!
You feel very mighty all of a sudden. You block Prince Ribbit's attack.
Prince Ribbit hits you!
* * * LOW HITPOINT WARNING * * *
You miss Prince Ribbit.
Prince Ribbit is lightly wounded.
You block Prince Ribbit's attack. Prince Ribbit hits you.
You die...

#### #....# ...# #....# ...#
#....#
...#############....####.###
...'...........'........%...
...#############....######.#
...# ####....# ####
#.......# # #...@F..# # ###
#....?..# ####†## ######+##
.##.#.# .#÷#### ......#
......#### .........#
#..#.....#


You could see Prince Ribbit.

Vanquished Creatures
  A worker ant (D:5)
  3 gnolls (D:2)
  3 adders
  A worm (D:5)
  A dart slug (D:3)
  A leopard gecko (D:3)
  2 ball pythons
  A giant cockroach (D:1)
  7 goblins
  7 hobgoblins
  4 jackals (D:5)
  4 kobolds
  6 bats
  2 frilled lizards (D:2)
  A quokka zombie (D:5)
  4 rats
48 creatures vanquished.

Notes
Turn   | Place    | Note
-------+----------+-------------------------------------------
     0 | D:1      | grindst0ne the Formicid Fighter began the quest for the Orb.
     0 | D:1      | Reached XP level 1. HP: 18/18 MP: 1/1
   106 | D:1      | Reached XP level 2. HP: 24/24 MP: 2/2
   626 | D:1      | Reached XP level 3. HP: 29/29 MP: 3/3
   832 | D:2      | Reached XP level 4. HP: 13/37 MP: 4/4
  1556 | D:3      | You fall through a shaft for 2 floors!
  1556 | D:5      | Entered Level 5 of the Dungeon
  1584 | D:5      | Reached XP level 5. HP: 41/43 MP: 5/5
  1672 | D:5      | Noticed Prince Ribbit
  1692 | D:5      | Slain by Prince Ribbit

Vault maps used:
D:1:      evilmike_arrival_plus
D:5:      cheibrodos_thug_alley, chequers_temple_overflow_minitemple,
          minmay_temple_entry_junction, first_bread, uniq_blork_the_orc,
          uniq_prince_ribbit1, uniq_sigmund

Skill      XL: |  1  2  3 |
---------------+----------+-----
Shields        | 4 |  4.7
Fighting       | 4 |  4.7
Armour         | 4 |  4.3
Axes           | |  2.0

Action                   |  1- 3 |  4- 6 || total
-------------------------+-------+-------++-------
Melee: War axe           |    96 |   100 ||   196
 Abil: Dig               |       |     2 ||     2
  Use: Scroll            |       |     2 ||     2
       Potion            |       |     1 ||     1
  Eat: Chunk             |       |     3 ||     3
Armor: Chain mail        |    47 |    32 ||    79
       Plate armour      |       |    34 ||    34
Dodge: Dodged            |    25 |    20 ||    45
Block: Shield            |    60 |    88 ||   148
